 Dungeon Crawl Stone Soup version 0.23.2 (webtiles) character file.

Game seed: 3060483481188385250

84 cklessthan3 the Sneak (level 4, 0/23 HPs)
             Began as a Spriggan Assassin on Apr 12, 2019.
             Slain by an orc wizard
             ... wielding a +0 dagger
              (2 damage)
             ... on level 3 of the Dungeon.
             The game lasted 00:03:17 (2601 turns).

cklessthan3 the Sneak (Spriggan Assassin)           Turns: 2601, Time: 00:03:18

Health: 0/23       AC:  3    Str: 10    XL:     4   Next: 23%
Magic:  5/5        EV: 18    Int: 12    God:
Gold:   123        SH:  0    Dex: 18    Spells: 3/3 levels left

rFire    . . .     SeeInvis +   a - +2 dagger
rCold    . . .     Gourm    .   (shield restricted)
rNeg     . . .     Faith    .   c - +0 robe
rPois    .         Spirit   .   (helmet restricted)
rElec    .         Reflect  .   d - +0 cloak
rCorr    .         Harm     .   (gloves unavailable)
MR       .....                  (boots unavailable)
Stlth    ++++......             (no amulet)
HPRegen  0.07/turn              k - +3 ring of strength
MPRegen  0.09/turn              (no ring)

@: very quick
A: very small, unfitting armour, see invisible, herbivore, speed 3, slow
metabolism 2
a: no special abilities


You were on level 3 of the Dungeon.
You were not hungry.

You visited 1 branch of the dungeon, and saw 3 of its levels.

You collected 123 gold pieces.

Inventory:

Hand Weapons
 a - a +2 dagger (weapon)
 b - a +0 blowgun
Missiles
 e - 8 poisoned needles
 f - 2 curare-tipped needles
Armour
 c - a +0 robe (worn)
 d - a +0 cloak (worn)
Jewellery
 k - a +3 ring of strength (left hand)
Scrolls
 i - 3 scrolls of teleportation {unknown}
 j - 3 scrolls of amnesia {unknown}
 l - a scroll of enchant weapon {unknown}
 m - a scroll of identify {unknown}
 n - a scroll of remove curse {unknown}
Potions
 h - a potion of curing
 o - a potion of resistance {unknown}
Comestibles
 g - 10 rations


   Skills:
 + Level 1.7 Fighting
 + Level 3.0 Short Blades
 + Level 2.0 Throwing
 + Level 2.9 Dodging
 + Level 7.5 Stealth


You had 3 spell levels left.
You didn't know any spells.
Your spell library was empty.

Dungeon Overview and Level Annotations

Branches:
Dungeon (3/15)

Altars:
Elyvilon


Innate Abilities, Weirdness & Mutations

You are very small and have problems with some larger weapons.
You are too small for most types of armour.
You have supernaturally acute eyesight. (SInv)
You are a herbivore.
You cover ground extremely quickly.
You need to consume almost no food.


Message History

You hit the orc wizard.
The orc wizard is heavily wounded.
The orc hits you with a +0 war axe!
You hit the orc wizard.
The orc wizard is severely wounded.
The orc misses you.
You barely miss the orc wizard.
The orc wizard is severely wounded.
The orc barely misses you. The orc wizard barely misses you.
The orc hits you from afar with a +0 trident.
* * * LOW HITPOINT WARNING * * *
You hit the orc wizard.
The orc wizard is severely wounded.
The orc wizard completely misses you. The orc completely misses you.
The orc hits you from afar with a +0 trident.
* * * LOW HITPOINT WARNING * * *
You barely miss the orc wizard.
The orc wizard is severely wounded.
The orc wizard hits you with a +0 dagger.
You die...

#. #... #.#.##### ........#
. ........# #########..
........### #.........#
.........o#######.........#
w...w....S@oooo............
........######o....o....o.#
........# ####....$....#
######### #.........#
#.........# #.........#
#.........# ###########


You could see a worm, an orc wizard (invisible), an adder and 5 orcs.

Vanquished Creatures
  3 adders (D:2)
  An ooze (D:2)
  A worm (D:2)
  2 leopard geckos (D:1)
  2 ball pythons
  7 bats
  2 giant cockroaches
  8 goblins
  7 hobgoblins
  3 jackals (D:1)
  3 frilled lizards (D:1)
  3 kobolds (D:1)
  2 rats (D:1)
44 creatures vanquished.

Notes
Turn   | Place    | Note
-------+----------+-------------------------------------------
     0 | D:1      | cklessthan3 the Spriggan Assassin began the quest for the
                  | Orb.
     0 | D:1      | Reached XP level 1. HP: 10/10 MP: 2/2
     8 | D:1      | Reached skill level 6 in Stealth
    91 | D:1      | Reached XP level 2. HP: 9/14 MP: 3/3
  1307 | D:1      | Reached XP level 3. HP: 17/18 MP: 4/4
  1428 | D:1      | Reached skill level 7 in Stealth
  1663 | D:2      | Found a white marble altar of Elyvilon.
  2365 | D:2      | Reached XP level 4. HP: 23/23 MP: 5/5
  2601 | D:3      | Slain by an orc wizard

Skill      XL: |  1  2  3 |
---------------+----------+-----
Stealth        | 6 7 |  7.5
Dodging        | 2 |  2.9
Short Blades   | 3 |  3.0
Fighting       | |  1.7
Throwing       | |  2.0

Action                   |  1- 3 |  4- 6 || total
-------------------------+-------+-------++-------
Melee: Dagger            |   118 |    28 ||   146
  Use: Potion            |       |     1 ||     1
 Stab: Sleeping          |    13 |     2 ||    15
Armor: Robe              |    17 |     5 ||    22
Dodge: Dodged            |   101 |    29 ||   130
